Map: [TLMC15] Berlingrad

Players

Serral - Winner!

  • Race: Zerg Zerg

ShoWTimE

  • Race: Protoss Protoss

Event: DreamHack SC2 Masters 2021 Winter

VOD

Have the link to the VOD?

Description

Time

  • Played on: Nov. 12, 2021, 8:23 a.m.
  • Length: 9:38

All games in this series

Show
View Real Time Build Order
Export as new Build Order

Serral Zerg - Winner!

Build Orders: Hatch First 

Get SALT Encoding   

  12  0:00  Drone  
  13  0:11  Overlord  
  13  0:17  Drone  
  14  0:30  Drone x2  
  16  0:48  Hatchery  
  15  0:51  Drone  
  15  0:54  Drone  
  17  0:58  Drone  
  18  1:08  Extractor  
  17  1:13  Spawning Pool  
  17  1:16  Drone  
  17  1:20  Drone  
  18  1:27  Drone  
  19  1:38  Drone  
  20  1:48  Overlord  
  20  1:59  Queen  
  20  2:00  Zergling x2, Queen  
  20  2:01  Zergling x2  
  26  2:11  Drone x2, Metabolic Boost  
  28  2:21  Drone x2  
  30  2:34  Drone x2  
  32  2:38  Hatchery  
  32  2:41  Overlord  
  31  2:48  Queen  
  33  2:52  Drone  
  33  2:55  Drone x2  
  36  3:03  Overlord  
  36  3:05  Drone  
  37  3:08  Drone x3  
  40  3:13  Drone  
  40  3:14  Drone x2  
  43  3:21  Queen  
  43  3:24  Drone  
  43  3:26  Queen  
  48  3:28  Drone  
  48  3:32  Overlord  
  49  3:34  Overlord  
  49  3:45  Spore Crawler  
  49  3:46  Spore Crawler  
  47  3:50  Zergling x6  
  47  3:52  Queen  
  47  3:53  Drone x2  
  53  3:55  Drone  
  53  3:56  Drone  
  53  3:59  Zergling x2  
  56  4:05  Drone x4  
  56  4:07  Drone  
  61  4:10  Overlord  
  61  4:14  Drone x2  
  62  4:20  Drone  
  62  4:22  Spore Crawler  
  62  4:23  Zergling x2  
  61  4:24  Drone x2  
  61  4:28  Overlord  
  61  4:30  Drone  
  61  4:31  Spore Crawler  
  64  4:34  Drone x2, Roach Warren  
  64  4:36  Drone  
  66  4:41  Drone x2  
  66  4:43  Overlord  
  66  4:44  Drone  
  69  4:47  Lair  
  69  4:48  Drone  
  70  4:53  Drone, Extractor x2  
  70  4:58  Zergling x2  
  70  4:59  Drone x3  
  73  5:00  Overlord  
  73  5:01  Drone x2  
  73  5:06  Drone x2, Extractor  
  76  5:08  Drone  
  76  5:09  Queen  
  76  5:12  Drone  
  80  5:14  Drone  
  80  5:16  Queen  
  80  5:20  Extractor  
  80  5:21  Drone x4, Extractor  
  85  5:27  Hatchery  
  84  5:31  Drone x3  
  87  5:40  Overlord  
  87  5:42  Drone x3  
  90  5:45  Drone x3, Queen  
  95  5:51  Infestation Pit  
  95  5:52  Spire  
  95  5:54  Overlord  
  95  5:56  Overlord  
  93  6:02  Drone x5  
  98  6:07  Overlord  
  98  6:12  Overlord  
  98  6:13  Drone x4  
  98  6:18  Overlord  
  101  6:26  Drone  
  101  6:27  Drone x5  
  101  6:28  Hive  
  107  6:33  Queen x2, Extractor  
  107  6:34  Extractor  
  107  6:36  Drone  
  107  6:37  Drone, Spore Crawler  
  110  6:41  Drone, Evolution Chamber  
  110  6:44  Overlord  
  110  6:45  Zergling x6  
  113  6:51  Overlord  
  113  6:54  Zergling x2  
  113  6:55  Zergling x4  
  113  6:56  Overlord x2  
  113  7:00  Drone x3  
  119  7:02  Overlord  
  118  7:09  Overlord  
  117  7:16  Drone x3  
  117  7:17  Drone  
  121  7:32  Mutalisk  
  121  7:33  Mutalisk x14  
  151  7:41  Greater Spire  
  151  7:42  Zerg Missile Weapons Level 1  
  157  7:45  Glial Reconstitution  
  157  7:49  Hatchery  
  154  7:53  Roach x4  
  162  7:59  Roach x2, Spore Crawler  
  162  8:00  Spore Crawler  
  162  8:01  Roach  
  162  8:02  Roach x5  
  170  8:06  Roach  
  170  8:08  Spore Crawler  
  170  8:09  Spore Crawler  
  170  8:13  Roach x3  
  170  8:16  Roach  
  170  8:19  Roach x3  
  177  8:22  Ravager x4  
  176  8:29  Roach x6  
  182  8:40  Roach  
  182  8:41  Roach x6  
  178  8:43  Queen  
  174  8:50  Queen x2  
  174  8:54  Zergling x4  
  157  9:06  Ravager x6  
  157  9:07  Ravager  
  162  9:10  Roach x7  
Show
View Real Time Build Order
Export as new Build Order

ShoWTimE Protoss 

Build Orders: 1 Gate Expand, Oracle Opening 

Get SALT Encoding   

  12  0:00  Probe  
  13  0:12  Probe  
  14  0:18  Pylon  
  14  0:24  Probe  
  15  0:30  Assimilator  
  15  0:36  Probe (Chrono Boost)  
  16  0:47  Gateway, Probe (Chrono Boost)  
  17  0:52  Probe (Chrono Boost)  
  18  1:03  Probe  
  19  1:15  Probe  
  20  1:22  Nexus  
  20  1:27  Probe  
  21  1:35  Cybernetics Core  
  21  1:40  Assimilator  
  21  1:43  Probe  
  22  1:49  Pylon  
  22  1:56  Probe (Chrono Boost)  
  23  2:08  Probe (Chrono Boost)  
  24  2:11  Stargate  
  24  2:12  Adept  
  26  2:16  Probe (Chrono Boost)  
  26  2:18  Warp Gate  
  26  2:22  Probe  
  28  2:34  Probe (Chrono Boost)  
  30  2:40  Probe (Chrono Boost)  
  30  2:41  Adept  
  30  2:43  Probe (Chrono Boost)  
  33  2:46  Void Ray (Chrono Boost)  
  33  2:47  Probe (Chrono Boost)  
  33  2:48  Probe (Chrono Boost)  
  39  2:58  Probe  
  39  3:00  Probe  
  39  3:01  Pylon  
  41  3:09  Gateway  
  41  3:10  Probe  
  43  3:12  Probe  
  43  3:20  Oracle (Chrono Boost)  
  43  3:23  Probe  
  43  3:24  Probe  
  48  3:35  Probe  
  48  3:37  Probe  
  48  3:41  Nexus  
  50  3:45  Pylon  
  50  3:47  Probe  
  51  3:49  Probe  
  51  3:54  Assimilator  
  52  3:56  Assimilator  
  52  3:59  Probe  
  52  4:01  Probe  
  54  4:05  Stargate  
  54  4:08  Pylon  
  54  4:11  Probe  
  54  4:13  Protoss Air Weapons Level 1, Probe  
  56  4:23  Probe, Pylon  
  57  4:24  Void Ray  
  57  4:25  Probe  
  62  4:31  Forge  
  62  4:36  Probe (Chrono Boost)  
  62  4:37  Probe (Chrono Boost)  
  64  4:45  Void Ray  
  64  4:48  Probe (Chrono Boost)  
  64  4:49  Probe (Chrono Boost)  
  70  4:55  Probe (Chrono Boost), Shield Battery  
  70  4:56  Probe (Chrono Boost)  
  70  4:57  Probe (Chrono Boost)  
  70  4:59  Pylon  
  73  5:02  Probe (Chrono Boost)  
  73  5:03  Void Ray  
  73  5:04  Probe (Chrono Boost)  
  73  5:05  Probe (Chrono Boost)  
  76  5:07  Probe (Chrono Boost)  
  76  5:10  Assimilator  
  76  5:12  Assimilator  
  76  5:14  Probe  
  82  5:16  Probe  
  82  5:19  Probe  
  84  5:21  Photon Cannon  
  84  5:26  Probe, Stargate  
  84  5:28  Probe  
  86  5:31  Probe  
  86  5:32  Pylon  
  87  5:38  Probe  
  87  5:40  Probe  
  89  5:46  Probe, Fleet Beacon  
  90  5:51  Void Ray x2 (Chrono Boost), Pylon  
  90  5:52  Pylon  
  90  6:01  Void Ray (Chrono Boost)  
  98  6:06  Gateway x2  
  102  6:12  Pylon  
  102  6:17  Nexus  
  102  6:26  Pylon  
  102  6:29  Robotics Facility  
  102  6:33  Photon Cannon  
  102  6:36  Carrier (Chrono Boost)  
  108  6:42  Carrier (Chrono Boost)  
  108  6:45  Gateway  
  114  6:55  Carrier (Chrono Boost)  
  114  6:58  Gateway  
  114  6:59  Pylon  
  120  7:07  Gateway  
  120  7:08  Gateway  
  120  7:14  Warp Prism (Chrono Boost)  
  120  7:18  Gateway  
  120  7:20  Gateway  
  120  7:21  Pylon  
  122  7:25  Sentry x4  
  122  7:29  Pylon  
  130  7:40  Sentry, Pylon  
  130  7:41  Observer (Chrono Boost)  
  133  7:46  Pylon  
  133  7:48  Sentry x2  
  133  7:51  Stalker x2  
  139  7:57  Flux Vanes  
  141  8:03  Stalker x4  
  149  8:19  Stalker x2  
  153  8:20  Stalker x2  
  142  8:31  Stalker x4, Zealot x2  
  135  8:44  Stalker x4  
  127  8:53  Stalker x6  
  119  9:06  Stalker x2  
  109  9:23  Zealot  
  88  9:28  Zealot  

Tags
 
Add a new tag
Caveats
  • Supply blocks, unpowered buildings, or Contaminate may cause inaccurate times.
  • Supply counts are checked every 10 seconds.